 Dungeon Crawl Stone Soup version 0.26.0-7-g794d0892b4 (webtiles) character file.

Game seed: 6526307462063911958

100 vvl the Skirmisher (level 4, 0/50 HPs)
             Began as an Ogre Berserker on Jan 11, 2021.
             Was a Believer of Trog.
             Slain by Purgy (2 damage)
             ... on level 3 of the Dungeon.
             The game lasted 00:06:33 (2788 turns).

vvl the Skirmisher (Ogre Berserker)                 Turns: 2788, Time: 00:06:36

Health: 0/50       AC:  3    Str: 22    XL:     4   Next: 73%
Magic:  4/4        EV: 11    Int:  6    God:    Trog [**....]
Gold:   93         SH:  0    Dex: 14    Spells: 3/3 levels left

rFire    + + .     SeeInvis +   a - +0 mace
rCold    + . .     Faith    .   (no shield)
rNeg     . . .     Spirit   .   b - +0 animal skin
rPois    +         Reflect  .   (helmet restricted)
rElec    +         Harm     .   (no cloak)
rCorr    +         Rampage  .   (gloves unavailable)
Will     .....                  (boots unavailable)
Stlth    +.........             (no amulet)
HPRegen  0.16/turn              l - +6 ring of dexterity
MPRegen  0.09/turn              h - ring of see invisible

@: resistant, attractive, flying, hasted, very quick
A: large, unfitting armour, blink, dopey 1, fire resistance 1, high mp 1, tough
skin 1
a: Blink, Renounce Religion, Berserk, Trog's Hand


You were on level 3 of the Dungeon.
You worshipped Trog.
Trog was pleased with you.
You visited 1 branch of the dungeon, and saw 3 of its levels.

You collected 93 gold pieces.

Inventory:

Hand Weapons
 a - a +0 mace (weapon)
Armour
 b - a +0 animal skin (worn)
Jewellery
 h - a ring of see invisible (right hand)
 l - a +6 ring of dexterity (left hand)
 m - an uncursed ring of protection from fire {unknown}
Scrolls
 c - 2 scrolls of identify {unknown}
 f - 2 scrolls of fear {unknown}
 k - a scroll of random uselessness {unknown}
 n - a scroll of remove curse {unknown}
 p - a scroll of teleportation {unknown}
Potions
 d - 2 potions of haste
 g - a potion of attraction
 i - 2 potions of resistance


   Skills:
 + Level 5.2 Fighting
 * Level 4.2 Maces & Flails
 - Level 2.6 Dodging


You had 3 spell levels left.
You didn't know any spells.
Your spell library contained the following spells:

 Spells                   Type           Power        Failure   Level
 Magic Dart               Conj           0%           45%         1
 Blink                    Tloc           N/A          58%         2
 Call Imp                 Summ           0%           58%         2
 Slow                     Hex            0%           58%         2
 Conjure Flame            Conj/Fire      0%           83%         3
 Mephitic Cloud           Conj/Pois/Air  0%           83%         3


Dungeon Overview and Level Annotations

Branches:
Dungeon (3/15)

Altars:
Nemelex Xobeh

Annotations:
D:3 Purgy


Innate Abilities, Weirdness & Mutations

You are too large for most types of armour.
You have tough skin. (AC +1)
You can translocate small distances at will.
You are dopey. (Int -2)
Your flesh is heat resistant. (rF+)
You have an increased reservoir of magic. (+10% MP)


Message History

Purgy claws you.
* * * LOW HITPOINT WARNING * * *
Purgy barely misses you.
You barely miss Purgy.
Purgy is lightly wounded.
Purgy bites you.
* * * LOW HITPOINT WARNING * * *
Purgy barely misses you. Purgy claws you but does no damage.
You bump into the rock wall.
You bump into the rock wall.
Purgy bites you but does no damage. Purgy completely misses you.
Purgy claws you.
* * * LOW HITPOINT WARNING * * *
You barely miss Purgy.
Purgy is lightly wounded.
You feel less invigorated.
You feel less confused. Purgy closely misses you. Purgy claws you.
* * * LOW HITPOINT WARNING * * *
Purgy claws you.
You die...

......####......# #...##
...........# #########[..
......###..###########........J..
.......<...............##########
.........################## ###
......#### #....#####.. ......#
##.......†...
......###############.....#####..
................@TJ.......# ###
....$.#####################
#######


You could see Purgy and an ooze.

Vanquished Creatures
  4 adders (D:2)
  An ooze (D:2)
  A worm (D:2)
  2 leopard geckos (D:1)
  3 bats
  2 giant cockroaches (D:1)
  9 goblins
  9 hobgoblins
  3 jackals (D:2)
  9 kobolds
  A quokka (D:2)
  2 frilled lizards (D:1)
  5 rats
51 creatures vanquished.

Notes
Turn   | Place    | Note
-------+----------+-------------------------------------------
     0 | D:1      | vvl the Ogre Berserker began the quest for the Orb.
     0 | D:1      | Reached XP level 1. HP: 24/24 MP: 1/1
    72 | D:1      | Found a sparkling altar of Nemelex Xobeh.
    91 | D:1      | Reached XP level 2. HP: 28/32 MP: 2/2
   826 | D:1      | Reached XP level 3. HP: 35/40 MP: 3/3
  1130 | D:2      | Found a sparkling altar of Nemelex Xobeh.
  1494 | D:2      | Reached XP level 4. HP: 36/49 MP: 4/4
  1720 | D:2      | Reached skill level 5 in Fighting
  1760 | D:2      | Reached ** piety under Trog
  2552 | D:3      | Noticed Purgy
  2774 | D:3      | Gained mutation: You have an increased reservoir of magic.
                  | (+10% MP) [potion of mutation]
  2774 | D:3      | Gained mutation: Your flesh is heat resistant. (rF+)
                  | [potion of mutation]
  2774 | D:3      | Gained mutation: You are dopey. (Int -2) [potion of
                  | mutation]
  2774 | D:3      | Gained mutation: You can translocate small distances at
                  | will. [potion of mutation]
  2785 | D:3      | HP: 2/50 [Purgy (4)]
  2788 | D:3      | Slain by Purgy

Illustrated notes

Levels and vault maps discovered:
D:1:      grunt_arrival_crossed_arrows, layout_loops_ring, serial_forest,
          infiniplex_forest_clump_small, infiniplex_forest_lined_room_3,
          infiniplex_forest_fountain, infiniplex_forest_straight_5,
          infiniplex_forest_zigzag_2, infiniplex_forest_lined_corner,
          nemelex_xobeh_ov_fountains_minmay
D:2:      layout_basic, serial_rivers, chequers_serial_rivers_micro_b,
          chequers_serial_rivers_small_b, chequers_serial_rivers_micro_d,
          chequers_serial_rivers_micro_b, chequers_serial_rivers_large_b,
          minmay_misc_feat_diagonals, nemelex_lonely_heart_becter
D:3:      layout_rooms, trog_three_pillars_becter, uniq_purgy

Skill      XL: |  1  2  3  4 |
---------------+-------------+-----
Maces & Flails | 3 4 |  4.2
Fighting       | 5 |  5.2
Dodging        | |  2.6

Action                   |  1- 3 |  4- 6 || total
-------------------------+-------+-------++-------
Melee: Mace              |    89 |    65 ||   154
Invok: Berserk           |       |     1 ||     1
  Use: Potion            |       |     6 ||     6
 Stab: Sleeping          |       |     2 ||     2
Armor: Animal skin       |    16 |    32 ||    48
Dodge: Dodged            |    53 |    65 ||   118
